 Dungeon Crawl Stone Soup version 0.32-a0-900-g30fb1b0edc (webtiles) character file.

Game seed: 2977398041358936654

772 Fodor the Chopper (level 7, -1/60 HPs)
             Began as a Minotaur Fighter on Apr 5, 2024.
             Killed by divine providence
             ... invoked by an orc priest
              (15 damage)
             ... on level 4 of the Dungeon.
             The game lasted 00:14:45 (3357 turns).

Fodor the Chopper (Minotaur Fighter)                Turns: 3357, Time: 00:14:45

Health: -1/60      AC: 14    Str: 23    XL:     7   Next: 53%
Magic:  6/6        EV:  9    Int:  5    God:
Gold:   147        SH:  4    Dex:  9    Spells: 6/6 levels left

rFire   . . .        i - +2 flail (protect)
rCold   . . .        c - +0 buckler
rNeg    . . .        b - +0 scale mail
rPois   .            (helmet currently unavailable)
rElec   .            (cloak currently unavailable)
rCorr   .            (gloves currently unavailable)
SInv    .            (boots currently unavailable)
Will    .....        (no amulet) Stlth
                     (no ring)
HPRegen 0.30/turn    (no ring)
MPRegen 0.10/turn

%: no passive effects
@: lethally poisoned (-1 -> -5), beast-form, under a protective aura
A: beast (slay +0), horns 2, retaliatory headbutt
a: Begin Untransformation, Convert to Beogh


You were on level 4 of the Dungeon.
You were a hulking beast.
You visited 1 branch of the dungeon, and saw 4 of its levels.
You also visited: Sewer.

You collected 167 gold pieces.
You spent 20 gold pieces at shops.

Inventory:

Hand Weapons
 i - a +2 flail of protection (weapon)
 p - a +0 sling
 w - a +1 war axe
Armour
 b - a +0 scale mail (worn)
 c - a +0 buckler (worn)
 u - a +0 pair of gloves
Jewellery
 a - a ring of wizardry
 m - an amulet of reflection
Talismans
 l - a beast talisman (active)
Scrolls
 d - 2 scrolls of poison {unknown}
 h - 4 scrolls of identify
 j - a scroll of fear {unknown}
 n - a scroll of revelation {unknown}
 r - a scroll of teleportation {unknown}
Potions
 e - 3 potions of haste
 f - 3 potions of attraction {unknown}
 g - 3 potions of brilliance
 k - 2 potions of curing {unknown}
 o - a potion of experience {unknown}
 q - 2 potions of heal wounds {unknown}
 s - 2 potions of invisibility {unknown}
 t - a potion of resistance {unknown}


   Skills:
 + Level 4.9 Fighting
 + Level 6.1(6.6) Axes
 + Level 3.5(5.3) Maces & Flails
 + Level 0.7 Ranged Weapons
 + Level 6.0 Armour
 + Level 2.3 Dodging
 + Level 0.1 Stealth
 + Level 4.6 Shields
 + Level 0.4 Shapeshifting


You had 6 spell levels left.
You didn't know any spells.
Your spell library contained the following spells:

 Spells                   Type           Power      Damage    Failure   Level
 Apportation              Tloc           0%         N/A       83%         1
 Necrotise                Necr           0%         1d4       83%         1
 Sting                    Conj/Alch      0%         1d3       83%         1
 Summon Small Mammal      Summ           0%         N/A       83%         1
 Static Discharge         Conj/Air       0%         3-3/arc   92%         2
 Maxwell's Portable Pile  Tloc           0%         2d(5-13)  99%         3
 Vampiric Draining        Necr           0%         2d6       99%         3
 Airstrike                Air            0%         2d(0-16)  100%        4
 Martyr's Knell           Necr/Summ      0%         N/A       100%        4
 Summon Lightning Spire   Summ/Air       0%         N/A       100%        4
 Arcjolt                  Conj/Air       0%         1d10      100%        5
 Curse of Agony           Necr           0%         N/A       100%        5
 Maxwell's Capacitive Co  Air            0%         ∞         100%        8


Dungeon Overview and Level Annotations

Branches:
Dungeon (4/15)              Sewer (visited)
 Temple: D:4-7

Altars:
Okawaru

Shops:
D:1 *   D:3 :   D:4 (


Innate Abilities, Weirdness & Mutations

You are a hulking beast.
Your limbs bulge with bestial killing power. (Slay +0)
You have a pair of horns on your head.
You reflexively headbutt those who attack you in melee.


Message History

The orc is moderately wounded.
You feel sick. The orc hits you with a +0 flail.
You sock the orc!
You kill the orc!
You feel sick.
You barely miss the kobold. Your headbutt misses the kobold.
You feel sick.
You are no longer poisoned.
The kobold hits you but does no damage.
You closely miss the kobold. The kobold hits you but does no damage.
You completely miss the kobold. Your headbutt misses the kobold.
The kobold hits you but does no damage.
You closely miss the kobold.
The orc priest mumbles some strange prayers to Beogh against you.
Beogh smites you!
* * * LOW HITPOINT WARNING * * *
The kobold barely misses you. x2
Unknown command.
You hit the kobold.
Your weapon exudes an aura of protection.
The kobold is heavily wounded.
The kobold barely misses you. You furiously retaliate!
You headbutt the kobold!
You kill the kobold!
The orc priest looks encouraged for a moment.
You block the orc's attack.
Items here: )))) [[ ††.
You hit the orc.
The orc is severely wounded.
The orc hits you but does no damage.
You closely miss the orc. You headbutt the orc.
You kill the orc!
The orc priest begins to cast a cantrip, but forgets the words!
The orc priest hits you but does no damage.
You are poisoned.
You see here a +0 short sword.
You sock the orc priest!
The orc priest is heavily wounded.
You feel sick.
The orc priest invokes the aid of Beogh against you.
Beogh smites you!
You die...

##### ## ...# #.
###.#############.
#...............#)
#.#...............
.
#)#...S...#.###.##
...o##h#.####..#.#
#... .......o..#
#..#.# ####
#....##.### #..#.#
##.# #.# #..#.# #.
#.######..#.######
..........#.......
#.######.#########
#.# #.### # #.
#...# #


You could see an orc priest.

Vanquished Creatures
  Sigmund (D:2)
  A black bear (D:4)
  A scorpion (D:3)
  A hound (D:4)
  A bombardier beetle (D:3)
  4 jellies (Sewer)
  An orc priest (D:4)
  8 adders
  4 river rats
  A dart slug (D:3)
  4 ribbon worms
  5 orcs
  16 ball pythons
  5 bats
  19 endoplasms
  12 giant cockroaches
  4 goblins
  2 hobgoblins (D:1)
  9 jackals
  4 quokkas
  10 frilled lizards
  12 kobolds
  12 rats
137 creatures vanquished.

Notes
Turn   | Place    | Note
-------+----------+-------------------------------------------
     0 | D:1      | Fodor the Minotaur Fighter began the quest for the Orb.
     0 | D:1      | Reached XP level 1. HP: 19/19 MP: 0/0
   108 | D:1      | Reached XP level 2. HP: 27/27 MP: 1/1
   280 | D:1      | Found Gevouk's General Store.
   288 | D:1      | Bought a scroll of identify for 20 gold pieces
   379 | D:1      | Reached XP level 3. HP: 33/33 MP: 2/2
   860 | D:2      | Found an iron altar of Okawaru.
   937 | D:2      | Noticed Sigmund
   945 | D:2      | Killed Sigmund
   946 | D:2      | Reached skill level 5 in Axes
   946 | D:2      | Reached XP level 4. HP: 38/41 MP: 3/3
   946 | D:2      | Reached XP level 5. HP: 43/47 MP: 4/4
  1583 | D:3      | Reached skill level 1 in Dodging
  1718 | D:3      | Reached XP level 6. HP: 47/53 MP: 5/5
  2182 | D:3      | Found Uggelyd's Book Emporium.
  2473 | D:4      | Reached skill level 1 in Maces & Flails
  2687 | D:4      | Reached skill level 5 in Armour
  2687 | D:4      | Reached XP level 7. HP: 60/60 MP: 6/6
  2700 | D:4      | Found a glowing drain.
  2729 | Sewer    | Entered a sewer
  3154 | Sewer    | Found a viscous altar of Jiyva.
  3243 | D:4      | Found Buiwnac's Weapon Shoppe.
  3357 | D:4      | Killed from afar by an orc priest

Illustrated notes

Levels and vault maps discovered:
D:1:      sevenhm_arrival_forest_fort_small_3, layout_loops_ring, serial_shops,
          nicolae_shop_tiny_statue_garden, chequers_garden
D:2:      layout_loops_ring, basic_altar, uniq_sigmund
D:3:      layout_loops_corners, serial_shops, shop_statue,
          nicolae_kite_square_tiling_tiny, kennysheep_generic_room_6
D:4:      minmay_recursive_quarters, layout_loops_ring, portal_sewer_entry_b,
          serial_shops, shop

Skill      XL: |  1  2  3  4  5  6  7 |
---------------+----------------------+-----
Axes           | 3 5 6 |  6.1
Fighting       | 4 |  4.9
Shields        | 4 |  4.6
Armour         | 4 5 6 |  6.0
Dodging        | 1 2 |  2.3
Maces & Flails | 1 3 |  3.5
Ranged Weapons | |  0.7
Stealth        | |  0.1
Shapeshifting  | |  0.4

Action                     |  1- 3 |  4- 6 |  7- 9 || total
---------------------------+-------+-------+-------++-------
  Melee: War axe           |    72 |    41 |       ||   113
         Headbutt          |    12 |    13 |    12 ||    37
         Flail             |       |    63 |   104 ||   167
   Fire: Sling             |     3 |     3 |       ||     6
    Use: Scroll            |     4 |       |       ||     4
         Potion            |     2 |       |       ||     2
 Armour: Scale mail        |    62 |   108 |   102 ||   272
  Dodge: Dodged            |    37 |    56 |    61 ||   154
  Block: Buckler           |    18 |    23 |    30 ||    71
   Form: Beast             |       |     1 |       ||     1

Table legend: (Time is in decaauts)
 A = Elapsed time spent in this place.
 B = Non-inter-level travel time spent in this place.
 C = Inter-level travel time spent in this place.
 D = Time resting spent in this place.
 E = Time spent auto-exploring this place.
 F = Levels seen in this place.
 G = Mean time per level.
                   A        B        C        D        E       F      G
               +--------+--------+--------+--------+--------+-----+--------+
         Total |   3455 |   3445 |     10 |      0 |   2183 |   5 |  691.0 |
       Dungeon |   2931 |   2921 |     10 |      0 |   1958 |   4 |  732.8 |
         Sewer |    523 |    523 |      0 |      0 |    225 |   1 |  523.0 |
               +--------+--------+--------+--------+--------+-----+--------+

Top non-repeatable levels by time:
     D:3: 899 daAuts
     D:1: 822 daAuts
     D:2: 618 daAuts
     D:4: 591 daAuts
   Sewer: 523 daAuts
